 Dungeon Crawl Stone Soup version 0.27.0-1-g7a089689b8 (webtiles) character file.

Game seed: 13855277255706524863

3852 sanka the Grappler (level 9, -16/78 HPs)
             Began as a Troll Monk on Aug 1, 2021.
             Was a High Priest of Hepliaklqana.
             Killed from afar by Maggie (22 damage)
             ... with a bolt of fire
             ... on level 7 of the Dungeon.
             The game lasted 00:10:47 (4564 turns).

sanka the Grappler (Troll Monk)                     Turns: 4564, Time: 00:10:47

Health: -16/78     AC:  5    Str: 21    XL:     9   Next: 99%
Magic:  11/11      EV: 12    Int:  6    God:    Hepliaklqana [*****.]
Gold:   463        SH:  0    Dex: 15    Spells: 8/8 levels left

rFire    . . .     SeeInvis .     - Unarmed
rCold    . . .     Faith    +   (no shield)
rNeg     . . .     Spirit   .   a - +0 robe
rPois    .         Reflect  .   (helmet restricted)
rElec    .         Harm     .   b - +0 cloak
rCorr    .         Rampage  .   (gloves unavailable)
Will     .....                  (boots unavailable)
Stlth    ++........             c - amulet of faith
HPRegen  1.23/turn              (no ring)
MPRegen  0.12/turn              (no ring)

@: mesmerised
A: reduced essence, large, unfitting armour, claws 3, regeneration 1, shaggy fur
1, tough skin 1
a: Renounce Religion, Recall Ancestor, Ancestor Identity, Transference, Idealise


You were on level 7 of the Dungeon.
You worshipped Hepliaklqana.
Hepliaklqana was extremely pleased with you.
You visited 1 branch of the dungeon, and saw 7 of its levels.

You collected 463 gold pieces.


Innate Abilities, Weirdness & Mutations

Your life essence is reduced to manifest your ancestor. (-10% HP)
You are too large for most types of armour.
You have claws for hands.
Your natural rate of healing is unusually fast.
You are covered in fur. (AC +1)
You have tough skin. (AC +1)


   Skills:
 + Level 4.9 Fighting
 + Level 2.9 Throwing
 + Level 4.9 Dodging
 - Level 1.0 Stealth
 + Level 11.1 Unarmed Combat
 + Level 4.4 Invocations


You had 8 spell levels left.
You didn't know any spells.
Your spell library contained the following spells:

 Spells                   Type           Power      Damage    Failure   Level
 Animate Skeleton         Necr           0%         N/A       45%         1
 Apportation              Tloc           0%         N/A       45%         1
 Corona                   Hex            0%         N/A       45%         1
 Summon Small Mammal      Summ           0%         N/A       45%         1
 Petrify                  Tmut/Erth      0%         N/A       99%         4
 Metabolic Englaciation   Hex/Ice        0%         N/A       100%        5
 Statue Form              Tmut/Erth      0%         N/A       100%        6

Inventory:

Missiles
 v - 2 throwing nets {=f}
 w - a curare-tipped dart (quivered) {=f}
 x - 5 large rocks {=f}
Armour
 a - a +0 robe (worn)
 b - a +0 cloak (worn)
Magical Staves
 t - a staff of air
Jewellery
 c - an amulet of faith (around neck)
 n - an amulet of the acrobat
Wands
 u - a wand of acid (6)
Scrolls
 e - 2 scrolls of blinking
 g - a scroll of silence {unknown}
 i - a scroll of fear {unknown}
 j - a scroll of magic mapping {unknown}
 k - 3 scrolls of enchant weapon
 m - 4 scrolls of teleportation {@r4}
 o - a scroll of noise {unknown}
 p - a scroll of holy word
 r - 2 scrolls of amnesia
 s - a scroll of identify {@r1}
Potions
 d - a potion of ambrosia {unknown}
 h - a potion of mutation {unknown}
 l - a potion of might {unknown}
 q - a potion of heal wounds {unknown}

Dungeon Overview and Level Annotations

Branches:
Dungeon (7/15)             Temple (0/1) D:6

Altars:
Cheibriados
Fedhas
Hepliaklqana
Kikubaaqudgha
Qazlal
Trog

Shops:
D:4 =:?=

Annotations:
D:7 Maggie

▒.▒▒▒
▒)..▒
▒.▒▒▒ ▒.▒
▒▒▒▒▒.▒
▒.....▒ ▒
▒.▒▒▒▒▒
▒..▒▒▒.▒
▒.@TR▒ ▒
▒.▒▒▒....▒
. ▒. .▒▒▒▒
. .. .. ..
.▒▒ .. .▒
. ▒▒


You could see the friendly Audrea the knight and Maggie (mesmerising, fast, ally
target).


Message History

Maggie is severely wounded.
Maggie barely misses you.
You claw Maggie!
Maggie is almost dead.
Maggie gestures at you while chanting. The bolt of fire misses you.
The bolt of fire hits Audrea.
Audrea resists.
You scratch Maggie.
Maggie is almost dead.
Maggie casts a spell at you. The bolt of fire hits you!!
* * * LOW HITPOINT WARNING * * *
The bolt of fire hits Audrea!
Audrea resists.
Maggie hits you with a +0 glaive!
* * * LOW HITPOINT WARNING * * *
Maggie closely misses you.
You scratch Maggie but do no damage.
Maggie is almost dead.
Maggie hits you with a +0 glaive!
* * * LOW HITPOINT WARNING * * *
Maggie hits you with a +0 glaive.
* * * LOW HITPOINT WARNING * * *
Maggie completely misses you.
You closely miss Maggie.
Maggie is almost dead.
Maggie points at you and mumbles some strange words.
The bolt of fire hits you!!
You die...

Action                   |  1- 3 |  4- 6 |  7- 9 || total
-------------------------+-------+-------+-------++-------
Melee: Unarmed           |    93 |   114 |   180 ||   387
       Punch             |       |     2 |     6 ||     8
Throw: Dart              |       |       |     1 ||     1
Invok: Ancestor Life: Kn |       |     1 |       ||     1
       Ancestor Identity |       |       |     1 ||     1
  Use: Scroll            |       |       |     6 ||     6
       Potion            |       |       |     2 ||     2
 Stab: Sleeping          |     2 |     3 |       ||     5
Armor: Robe              |    20 |    35 |    25 ||    80
Dodge: Dodged            |    37 |    40 |    81 ||   158

Levels and vault maps discovered:
D:1:      lightli_arrival_chessboard, layout_basic
D:2:      minmay_skewed_foursquare, layout_loops_cross,
          dilly_ecumenical_altar_fadedgnrine
D:3:      layout_rooms, cheibriados_altar_1, lemuel_doored_altar,
          gammafunk_ghost_mausoleum
D:4:      layout_loops_ring, serial_shops, shop, nicolae_square_shop, shop, shop
D:5:      layout_basic, palyth_stone_intersect, minmay_quadrilaterals,
          uniq_pikel
D:6:      layout_loops_ring, general_overflow_altar, overflow_temple_1_default,
          kennysheep_mini_moat, minmay_temple_entry_trees,
          corexii_leaking_fountain, sigmund_army, uniq_eustachio, uniq_grinder
D:7:      layout_rooms, makhleb_heckhound_becter, uniq_maggie,
          uniq_crazy_yiuf_cottage

Notes
Turn   | Place    | Note
-------+----------+-------------------------------------------
     0 | D:1      | sanka the Troll Monk began the quest for the Orb.
     0 | D:1      | Reached XP level 1. HP: 22/22 MP: 0/0
   129 | D:1      | Reached XP level 2. HP: 29/29 MP: 1/1
   443 | D:1      | Reached skill level 4 in Unarmed Combat
   664 | D:2      | Reached XP level 3. HP: 36/36 MP: 2/2
  1093 | D:2      | Reached XP level 4. HP: 41/44 MP: 3/3
  1253 | D:2      | Found a faded altar of an unknown god.
  1258 | D:2      | Reached skill level 5 in Unarmed Combat
  1262 | D:2      | Became a worshipper of Hepliaklqana the Forgotten
  1262 | D:2      | Reached * piety under Hepliaklqana
  1262 | D:2      | Reached ** piety under Hepliaklqana
  1329 | D:2      | Remembered your ancestor Audrea as a knight
  1403 | D:3      | Found a snail-covered altar of Cheibriados.
  1405 | D:3      | Reached *** piety under Hepliaklqana
  1487 | D:3      | Found a transporter.
  1503 | D:3      | Found a transporter.
  1504 | D:3      | Noticed RandomHacker's ghost (weakling DECj)
  1554 | D:3      | Found a blossoming altar of Fedhas.
  1863 | D:3      | Reached XP level 5. HP: 30/45 MP: 4/4
  1864 | D:3      | Killed RandomHacker's ghost
  1865 | D:3      | Reached skill level 6 in Unarmed Combat
  2130 | D:4      | Reached XP level 6. HP: 42/53 MP: 5/5
  2131 | D:4      | Reached skill level 7 in Unarmed Combat
  2196 | D:4      | Reached **** piety under Hepliaklqana
  2220 | D:4      | Found Fiuloxke's Jewellery Shoppe.
  2257 | D:4      | Found Yseujar's Jewellery Shop.
  2418 | D:4      | Found Etemocwi's Book Boutique.
  2470 | D:4      | Found Houw Muu's Magic Scroll Boutique.
  2608 | D:5      | Entered Level 5 of the Dungeon
  2648 | D:5      | Reached skill level 8 in Unarmed Combat
  2652 | D:5      | Reached XP level 7. HP: 31/59 MP: 6/6
  2769 | D:5      | Noticed Pikel
  2783 | D:5      | Killed Pikel
  2784 | D:5      | Reached skill level 10 in Unarmed Combat
  2784 | D:5      | Reached XP level 8. HP: 40/66 MP: 7/7
  3044 | D:5      | Reached skill level 1 in Invocations
  3489 | D:6      | Found a staircase to the Ecumenical Temple.
  3494 | D:6      | Noticed Eustachio
  3499 | D:6      | Killed Eustachio
  3500 | D:6      | Reached skill level 3 in Fighting
  3500 | D:6      | Reached skill level 3 in Dodging
  3569 | D:6      | Reached skill level 2 in Invocations
  3602 | D:6      | Noticed a cyclops
  3613 | D:6      | Killed a cyclops
  3614 | D:6      | Reached skill level 3 in Invocations
  3614 | D:6      | Reached XP level 9. HP: 22/75 MP: 8/10
  3698 | D:6      | Found a stormy altar of Qazlal.
  3776 | D:6      | Noticed Grinder
  3791 | D:6      | Killed Grinder
  3792 | D:6      | Reached skill level 4 in Fighting
  3792 | D:6      | Reached skill level 1 in Throwing
  3792 | D:6      | Reached skill level 4 in Dodging
  3820 | D:6      | Found a bloodstained altar of Trog.
  3861 | D:6      | Reached ***** piety under Hepliaklqana
  3926 | D:6      | Found an ancient bone altar of Kikubaaqudgha.
  4488 | D:7      | Noticed a two-headed ogre
  4499 | D:7      | Killed a two-headed ogre
  4500 | D:7      | Reached skill level 2 in Throwing
  4500 | D:7      | Reached skill level 11 in Unarmed Combat
  4500 | D:7      | Reached skill level 4 in Invocations
  4536 | D:7      | Identified +0 steam dragon scales
  4536 | D:7      | Noticed Maggie
  4560 | D:7      | HP: 3/78 [Maggie (8)]
  4564 | D:7      | Killed from afar by Maggie

Vanquished Creatures
  A two-headed ogre (D:7)
  Pikel (D:5)
  A cyclops (D:6)
  Grinder (D:6)
  Eustachio (D:6)
  2 ogres
  A centaur (D:7)
  2 phantoms
  A kobold brigand (D:6)
  A bullfrog (D:6)
  A scorpion (D:7)
  A water moccasin skeleton (D:5)
  10 killer bees (D:7)
  A howler monkey (D:6)
  2 wights (D:6)
  2 jellies (D:5)
  3 bullfrog skeletons
  2 gnoll shamans
  2 centaur skeletons
  A hound (D:5)
  A killer bee zombie (D:3)
  9 gnolls
  4 adders
  A shadow imp (D:6)
  2 white imps (D:6)
  An ufetubus (D:4)
  A worm (D:2)
  4 dart slugs
  13 orcs
  11 ball pythons
  A bat (D:2)
  5 endoplasms
  A giant cockroach (D:4)
  6 goblins
  10 hobgoblins
  6 jackals
  12 kobolds
  6 quokkas
  5 frilled lizards
  5 rats
141 creatures vanquished.

Vanquished Creatures (collateral kills)
  A lemure (D:5)
  A killer bee (D:7)
  A wight (D:6)
  The ghost of RandomHacker the Conjurer, a weakling DECj (D:3)
  A bullfrog zombie (D:5)
  A bullfrog skeleton (D:5)
  A hound (D:5)
  An orc wizard (D:3)
  3 gnolls (D:4)
  An adder (D:5)
  A shadow imp (D:5)
  An adder skeleton (D:4)
  3 orcs
  A hobgoblin (D:4)
  A quokka (D:5)
  A goblin (D:4)
  5 kobolds
25 creatures vanquished.

Grand Total: 166 creatures vanquished
